 Dungeon Crawl Stone Soup version 0.23-a0-635-g88ca12a (webtiles) character file.

3364 tilp the Spear-Bearer (level 10, 0/73 HPs)
             Began as a Merfolk Ice Elementalist on Dec 27, 2018.
             Was a Priest of Makhleb.
             Slain by an orc knight
             ... wielding a +0 battleaxe
              (16 damage)
             ... in a bailey.
             The game lasted 00:39:07 (10916 turns).

tilp the Spear-Bearer (Merfolk Ice Elementalist)   Turns: 10916, Time: 00:39:08

Health: 0/73       AC: 15    Str:  9    XL:     10   Next: 3%
Magic:  6/16       EV: 14    Int: 17    God:    Makhleb [***...]
Gold:   406        SH:  0    Dex: 15    Spells: 1/17 levels left

rFire    + . .     SeeInvis .   b - +0 trident (protect)
rCold    + . .     Gourm    .   (no shield)
rNeg     . . .     Faith    .   h - +1 leather armour
rPois    .         Spirit   .   K - +2 helmet
rElec    .         Reflect  .   (no cloak)
rCorr    .         Harm     .   H - +0 pair of gloves
MR       .....                  (no boots)
Stlth    ++........             (no amulet)
HPRegen  0.22/turn              l - ring of protection from fire
MPRegen  0.15/turn              t - ring of protection from cold

@: protection aura
A: change form in water, swift swim, stealthy swim
a: Minor Destruction, Lesser Servant of Makhleb, Renounce Religion


You were in a bailey.
You worshipped Makhleb.
Makhleb was most pleased with you.
You were hungry.

You visited 2 branches of the dungeon, and saw 10 of its levels.
You also visited: Bailey.

You collected 406 gold pieces.

Inventory:

Hand Weapons
 a - a +0 dagger
 b - a +0 trident of protection (weapon)
 J - a +1 glaive
Missiles
 e - 265 stones
 I - 4 tomahawks (quivered)
Armour
 h - a +1 leather armour (worn)
 H - a +0 pair of gloves (worn)
 K - a +2 helmet (worn)
Jewellery
 l - a ring of protection from fire (left hand)
 t - a ring of protection from cold (right hand)
 D - a cursed ring of attention {unknown}
 E - a cursed -3 ring of strength {unknown}
Wands
 C - a wand of paralysis (8)
 G - a wand of acid (3)
Scrolls
 d - 2 scrolls of teleportation
 g - 3 scrolls of remove curse
 i - 3 scrolls of fear
 m - a scroll of torment
 u - a scroll of blinking {unknown}
 w - 2 scrolls of immolation
 y - a scroll of enchant weapon
 z - a scroll of random uselessness {unknown}
Potions
 k - 3 potions of mutation
 n - 2 potions of brilliance
 o - 2 potions of curing
 v - a potion of cancellation
 x - a potion of berserk rage
 A - 2 potions of flight {unknown}
 B - a potion of lignification {unknown}
 F - a potion of agility {unknown}
Comestibles
 c - 9 rations
 f - 16 chunks of flesh


   Skills:
 - Level 4.6 Fighting
 - Level 14.0 Polearms
 - Level 4.6 Dodging
 - Level 2.1 Stealth
 - Level 4.0 Spellcasting
 - Level 2.2 Conjurations
 + Level 7.1 Ice Magic


You had one spell level left.
You knew the following spells:

 Your Spells              Type           Power        Failure   Level  Hunger
a - Freeze                Ice            ####         1%          1    None
b - Throw Frost           Conj/Ice       ###...       4%          2    ##.....
c - Ozocubu's Armour      Chrm/Ice       ###.....     16%         3    ###....
d - Throw Icicle          Conj/Ice       ###.....     32%         4    ####...
e - Conjure Flame         Conj/Fire      #.......     38%         3    ###....
f - Blink                 Tloc           N/A          32%         2    ##.....
g - Summon Butterflies    Summ           #.......     22%         1    None

Your spell library contained the following spells:

 Spells                   Type           Power        Failure   Level  Hunger
 Magic Dart               Conj           ##..         9%          1    None
 Animate Skeleton         Necr           N/A          22%         1    None
 Pain                     Necr           #...         22%         1    None
 Call Imp                 Summ           #.......     32%         2    ##.....
 Slow                     Hex            #.......     32%         2    ##.....
 Mephitic Cloud           Conj/Pois/Air  #.......     45%         3    ###....
 Summon Ice Beast         Ice/Summ       ###.....     45%         4    ####...
 Call Canine Familiar     Summ           #.......     54%         3    ###....
 Regeneration             Chrm/Necr      #.........   54%         3    ###....
 Vampiric Draining        Necr           #.........   54%         3    ###....
 Animate Dead             Necr           N/A          91%         4    ####...
 Summon Mana Viper        Hex/Summ       #.......     99%         5    ######.
 Summon Hydra             Summ           #.........   100%        7    #######


Dungeon Overview and Level Annotations

Branches:
Dungeon (9/15)             Temple (1/1) D:4
   Lair: D:8-11         Orc: D:9-12

Altars:
Ashenzari
Dithmenos
Fedhas
Gozag
Kikubaaqudgha
Makhleb
Okawaru
Qazlal
Sif Muna
Trog
Vehumet
Xom
The Shining One

Shops:
D:7 (

Annotations:
D:4 exclusion: ogre
D:7 exclusion: cyclops
D:8 Gastronok


Message History

An orc knight is nearby!
Attack whom?
Press: ? - help, Dir - move target cursor, f/p - orc knight
Aim: an orc knight, wielding a +0 battleaxe and wearing a cursed -2 plate You hit the orc knight.
Your weapon exudes an aura of protection.
The orc knight is heavily wounded.
Attack whom?
Press: ? - help, Dir - move target cursor, f/p - orc knight
Aim: an orc knight, wielding a +0 battleaxe and wearing a cursed -2 plate You barely miss the orc knight.
The orc knight is heavily wounded.
The orc knight hits you with a +0 battleaxe!!
* * * LOW HITPOINT WARNING * * *
You hear a shout!
You feel better.
You hear a shout!
Your icy armour cracks and falls away as you move.
The orc knight hits you with a +0 battleaxe!
You die...

.... .....
..... ######
.g..o. #####
##.....##..g...
##....
#.......'g..g.g
+.....
##......)##
##.....
#.......o.#
#......
##.......@.##
##......
#.....⌠.....#
#.....⌠.
#.......).##
#......
#.........#
#......
##.......##
##.....
#.......#
#.....
##.....##
##...) ##'####
####) ##...).##
##...)


You could see an orc knight.

Vanquished Creatures
  A troll (D:7)
  A hippogriff (D:7)
  A water moccasin (D:6)
  7 orc warriors
  A sky beast (D:6)
  An ice beast (D:6)
  A phantom (D:7)
  A necrophage (D:8)
  2 centaurs
  4 ogres
  2 bullfrogs
  3 scorpions
  A killer bee (D:7)
  A centaur zombie (D:9)
  A crimson imp (D:5)
  3 jellies
  A bullfrog zombie (D:6)
  3 hounds
  A bullfrog skeleton (D:5)
  A centaur skeleton (D:8)
  2 orc priests
  3 iguanas
  3 orc wizards
  5 worker ants
  A hound zombie (D:9)
  A hound skeleton (D:7)
  A worker ant zombie (D:5)
  7 adders
  6 gnolls (Bailey)
  2 shadow imps
  An ooze (D:2)
  An adder skeleton (D:9)
  2 adder zombies
  2 worms
  6 leopard geckos
  41 orcs
  9 bats
  3 giant cockroaches
  29 goblins
  22 hobgoblins
  6 jackals
  10 kobolds
  A quokka (D:6)
  3 frilled lizards
  A giant cockroach zombie (D:5)
  A quokka skeleton (D:7)
  5 rats
211 creatures vanquished.

Notes
Turn   | Place    | Note
-------+----------+-------------------------------------------
     0 | D:1      | tilp the Merfolk Ice Elementalist began the quest for the
                  | Orb.
     0 | D:1      | Reached XP level 1. HP: 13/13 MP: 3/3
   253 | D:1      | Reached XP level 2. HP: 17/19 MP: 3/5
   257 | D:1      | Learned a level 2 spell: Throw Frost
  1000 | D:1      | Reached XP level 3. HP: 24/24 MP: 3/6
  1403 | D:2      | Reached skill level 5 in Ice Magic
  1541 | D:2      | Found a deep blue altar of Sif Muna.
  1570 | D:2      | Reached XP level 4. HP: 24/30 MP: 3/7
  1576 | D:2      | Learned a level 3 spell: Ozocubu's Armour
  2114 | D:3      | Found a bloodstained altar of Trog.
  2611 | D:3      | Reached XP level 5. HP: 29/35 MP: 1/8
  2741 | D:3      | Reached skill level 1 in Polearms
  2754 | D:3      | Found an opulent altar of Gozag.
  3362 | D:4      | Noticed a phantom
  3363 | D:4      | Reached skill level 2 in Polearms
  3455 | D:4      | Found a staircase to the Ecumenical Temple.
  3507 | Temple   | Entered the Ecumenical Temple
  3524 | Temple   | Became a worshipper of Makhleb the Destroyer
  4183 | D:4      | Reached skill level 3 in Polearms
  4352 | D:4      | Noticed an ogre
  4723 | D:5      | Entered Level 5 of the Dungeon
  4724 | D:5      | Noticed a phantom
  4886 | D:5      | Found a shadowy altar of Dithmenos.
  4944 | D:5      | Reached skill level 4 in Polearms
  4974 | D:5      | Reached skill level 5 in Polearms
  4974 | D:5      | Reached XP level 6. HP: 37/41 MP: 9/9
  5013 | D:5      | Reached skill level 6 in Polearms
  5073 | D:5      | Found an ancient bone altar of Kikubaaqudgha.
  5288 | D:5      | Reached skill level 7 in Polearms
  5288 | D:5      | Reached XP level 7. HP: 46/46 MP: 2/10
  5606 | D:5      | Reached skill level 8 in Polearms
  6004 | D:5      | Learned a level 3 spell: Conjure Flame
  6106 | D:6      | Reached skill level 9 in Polearms
  6300 | D:6      | Reached skill level 10 in Polearms
  6310 | D:6      | Found a shattered altar of Ashenzari.
  6352 | D:6      | Found an ancient bone altar of Kikubaaqudgha.
  6378 | D:6      | Reached XP level 8. HP: 49/52 MP: 11/11
  6436 | D:6      | Reached skill level 11 in Polearms
  6520 | D:6      | Reached * piety under Makhleb
  6941 | D:6      | Reached skill level 12 in Polearms
  7423 | D:7      | Found Juck's Antique Weapon Boutique.
  7701 | D:7      | Reached skill level 13 in Polearms
  7742 | D:7      | Reached XP level 9. HP: 34/57 MP: 1/12
  7995 | D:7      | Reached skill level 14 in Polearms
  8195 | D:7      | Reached skill level 1 in Fighting
  8269 | D:7      | Noticed a troll
  8358 | D:7      | Killed a troll
  8787 | D:7      | Reached ** piety under Makhleb
  9027 | D:7      | Learned a level 1 spell: Summon Butterflies
  9030 | D:7      | Learned a level 2 spell: Blink
  9081 | D:7      | Noticed a cyclops
  9857 | D:8      | Noticed Gastronok
 10229 | D:9      | Reached skill level 1 in Conjurations
 10251 | D:9      | Found a flagged portal.
 10284 | Bailey   | Entered a bailey
 10440 | Bailey   | Reached *** piety under Makhleb
 10870 | Bailey   | Learned a level 4 spell: Throw Icicle
 10891 | Bailey   | Reached XP level 10. HP: 30/73 MP: 7/16
 10907 | Bailey   | Noticed an orc knight
 10916 | Bailey   | Slain by an orc knight

Vault maps used:
D:1:      minmay_arrival_diagonal_passages, minivault_26
D:2:      lemuel_blue_sif_altar
D:3:      lemuel_round_altar, hex_medium, grunt_gozag_statues
D:4:      minmay_temple_entry_metal_lava
D:5:      kiku_gazebo_garden_becter, nicolae_dithmenos_the_darkroom,
          first_ration, kennysheep_generic_room_5
D:6:      cheibrodos_quashed, basic_altar, ashenzari_altar_1
D:7:      minmay_the_grid_octo_2x2, serial_shops, shop
D:8:      elyvilon_altar_4, kennysheep_little_box, uniq_gastronok
D:9:      enter_bailey_3
Temple:   eino_temple_scatter_basement
Bailey:   bailey_axe_minmay_hex_keep, bailey

Skill      XL: |  1  2  3  4  5  6  7  8  9 10 |
---------------+-------------------------------+-----
Ice Magic      | 4 5 6 7 |  7.1
Polearms       | 5 7 10 13 14 | 14.0
Dodging        | 4 |  4.6
Fighting       | 4 |  4.6
Spellcasting   | 4 |  4.0
Conjurations   | 2 |  2.2
Stealth        | |  2.1

Action                   |  1- 3 |  4- 6 |  7- 9 | 10-12 || total
-------------------------+-------+-------+-------+-------++-------
Melee: Dagger            |    22 |    29 |       |       ||    51
       Trident           |       |    62 |   602 |    13 ||   677
Throw: Stone             |       |       |     9 |       ||     9
       Tomahawk          |       |       |     1 |       ||     1
 Cast: Freeze            |    43 |    49 |    72 |     5 ||   169
       Throw Frost       |     5 |     6 |    10 |       ||    21
       Ozocubu's Armour  |       |     8 |    23 |       ||    31
Evoke: Wand              |       |       |     1 |     4 ||     5
  Use: Scroll            |     4 |     8 |     7 |       ||    19
       Potion            |       |       |     2 |     2 ||     4
 Stab: Sleeping          |     4 |     8 |     9 |       ||    21
       Distracted        |       |       |     1 |       ||     1
  Eat: Chunk             |     3 |     8 |    15 |       ||    26
       Ration            |       |     2 |     2 |       ||     4
Armor: Robe              |     3 |       |       |       ||     3
       Leather armour    |    19 |    46 |   196 |     6 ||   267
Dodge: Dodged            |    52 |    71 |   330 |    15 ||   468

Table legend:
 A = Non-vault XP
 B = Vault XP
 C = Vault XP percentage of total XP
 D = Non-vault monster count
 E = Vault monster count
 F = Vault count percentage of total count
                 A         B        C        D         E       F
            +---------+---------+-------+---------+---------+-------
      Total |    3207 |    1600 |  33.3 |     149 |      62 |  29.4
            +---------+---------+-------+---------+---------+-------
        D:1 |      39 |       0 |   0.0 |      22 |       0 |   0.0
        D:2 |      58 |       0 |   0.0 |      20 |       0 |   0.0
        D:3 |     101 |       0 |   0.0 |      18 |       0 |   0.0
        D:4 |      77 |       0 |   0.0 |       5 |       0 |   0.0
        D:5 |     575 |       5 |   0.9 |      17 |       1 |   5.6
        D:6 |    1170 |       0 |   0.0 |      30 |       0 |   0.0
        D:7 |     541 |    1016 |  65.3 |      15 |       9 |  37.5
        D:8 |     428 |       0 |   0.0 |      15 |       0 |   0.0
        D:9 |     218 |       4 |   1.8 |       7 |       2 |  22.2
     Bailey |       0 |     575 | 100.0 |       0 |      50 | 100.0
            +---------+---------+-------+---------+---------+-------
